[Event "January 2 Late 2024"]
[Site "https://www.chess.com"]
[Date "2024.01.02"]
[Round "4"]
[White "Xie, Bryan"]
[Black "Thake, Conrad"]
[Result "1-0"]
[Board "192"]
[TimeControl "180+1"]
[WhiteFideId "30941296"]
[BlackFideId "5602947"]
[WhiteElo "2423"]
[BlackElo "1892"]
[WhiteTeam "USA"]
[BlackTeam "MLT"]
[WhiteClock "0:01:19"]
[BlackClock "0:00:00"]

1. e4 e6 2. d4 d5 3. e5 c5 4. c3 Nc6 5. Nf3 Qb6 6. a3 Bd7 7. b4 cxb4 8. axb4 a5 9. b5 Na7 10. Na3 Rc8 11. c4 dxc4 12. Nxc4 Qd8 13. Rxa5 Nxb5 14. Rxb5 Bxb5 15. Nd6+ Bxd6 16. Bxb5+ Kf8 17. exd6 Qa5+ 18. Bd2 Qxb5 19. Ne5 Nf6 20. g4 Nd7 21. Qe2 Nxe5 22. Qxb5 Nf3+ 23. Kd1 Nxd4 24. Qxb7 Re8 25. d7 Rd8 26. Bb4+ Kg8 27. Qc8 1-0

[Event "January 2 Late 2024"]
[Site "https://www.chess.com"]
[Date "2024.01.02"]
[Round "4"]
[White "Gulamirian, Korun"]
[Black "Arlo2024"]
[Result "0-1"]
[Board "193"]
[TimeControl "180+1"]
[WhiteFideId "4144899"]
[WhiteElo "1602"]
[BlackElo "2238"]
[WhiteTeam "RUS"]
[WhiteClock "0:00:00"]
[BlackClock "0:00:56"]

1. e4 e6 2. d4 d5 3. Nd2 dxe4 4. Nxe4 Nd7 5. c4 Ngf6 6. Bd3 Bb4+ 7. Bd2 Bxd2+ 8. Qxd2 Nxe4 9. Bxe4 Nf6 10. Bc2 O-O 11. Ne2 b6 12. O-O Bb7 13. f3 c5 14. Rad1 Qc7 15. dxc5 Qxc5+ 16. Qd4 Qa5 17. a3 Rac8 18. Qd3 Qc5+ 19. Kh1 Qxc4 20. Qxc4 Rxc4 21. Bb1 Rfc8 22. h4 g6 23. Rd4 Ba6 24. Rfd1 Nd5 25. Bd3 Rxd4 26. Nxd4 Bxd3 27. Rxd3 Rc4 28. g3 h5 29. Kh2 Rc1 30. Nb5 Rc2+ 31. Kh3 a6 32. Nd4 Rxb2 33. Rb3 Rxb3 34. Nxb3 a5 35. a4 Kf8 36. Nd4 Ke7 37. f4 Kd6 38. Kg2 Kc5 39. Nb5 Kb4 40. Nd6 Kxa4 41. Nxf7 b5 42. Ne5 Ne7 43. Kf3 b4 44. Ke3 b3 45. Kd3 Ka3 46. Nc4+ Kb4 0-1

[Event "January 2 Late 2024"]
[Site "https://www.chess.com"]
[Date "2024.01.02"]
[Round "4"]
[White "Doluhanova, Evgeniya"]
[Black "Durarbayli, Vasif"]
[Result "0-1"]
[Board "194"]
[TimeControl "180+1"]
[WhiteFideId "14112035"]
[BlackFideId "13402935"]
[WhiteElo "2335"]
[BlackElo "2798"]
[WhiteTeam "UKR"]
[BlackTeam "AZE"]
[WhiteClock "0:00:11"]
[BlackClock "0:00:37"]

1. Nf3 Nf6 2. b3 d5 3. Bb2 c5 4. e3 a6 5. Be2 Nc6 6. O-O Bf5 7. d4 e6 8. Nbd2 cxd4 9. Nxd4 Nxd4 10. Bxd4 Bd6 11. c4 O-O 12. cxd5 exd5 13. h3 Re8 14. Nf3 Ne4 15. Rc1 Qd7 16. Nd2 Bxh3 17. Nxe4 dxe4 18. f4 exf3 19. Bxf3 Be6 20. Qd3 Qe7 21. Qe4 Rad8 22. Be2 f5 23. Qf3 Qh4 24. Bc4 Bh2+ 0-1

[Event "January 2 Late 2024"]
[Site "https://www.chess.com"]
[Date "2024.01.02"]
[Round "4"]
[White "Vlassov, Nikolai"]
[Black "Kaganskiy, Gleb"]
[Result "1-0"]
[Board "195"]
[TimeControl "180+1"]
[WhiteFideId "4103360"]
[BlackFideId "4132025"]
[WhiteElo "2639"]
[BlackElo "2266"]
[WhiteTeam "FID"]
[BlackTeam "ISR"]
[WhiteClock "0:00:44"]
[BlackClock "0:00:08"]

1. e4 Nc6 2. d4 d5 3. Nc3 dxe4 4. d5 Ne5 5. Bf4 Ng6 6. Bg3 e6 7. dxe6 Bxe6 8. Nb5 Bb4+ 9. c3 Ba5 10. Qa4 c6 11. Nd6+ Kf8 12. Nxb7 Qb6 13. Nxa5 Qxb2 14. Qb4+ Qxb4 15. cxb4 Bd5 16. Ne2 Nf6 17. Nc3 h5 18. Ba6 h4 19. Bd6+ Kg8 20. O-O h3 21. gxh3 Rxh3 22. Bg3 Nh4 23. Nxd5 cxd5 24. Rfc1 Nf3+ 25. Kg2 Rh5 26. Bb7 Rd8 27. Nc6 Re8 28. Nxa7 d4 29. Bxe4 Nh4+ 30. Bxh4 Rxh4 31. Bf3 Nh5 32. Rc8 Rxc8 33. Nxc8 Nf4+ 34. Kg3 g5 35. Bg4 d3 36. b5 d2 37. b6 f5 38. Ne7+ Kf7 39. Nxf5 Rh8 40. Nd6+ Kf6 41. Ne4+ Kg6 42. Nxd2 Rh3+ 43. Bxh3 Ne2+ 44. Kf3 g4+ 45. Bxg4 Nd4+ 46. Ke4 Nc6 47. b7 Nb8 48. Rc1 1-0

[Event "January 2 Late 2024"]
[Site "https://www.chess.com"]
[Date "2024.01.02"]
[Round "4"]
[White "Zavgorodniy, Sergiy"]
[Black "Sarkar, Justin"]
[Result "1/2-1/2"]
[Board "196"]
[TimeControl "180+1"]
[WhiteFideId "14110148"]
[BlackFideId "2010011"]
[WhiteElo "2599"]
[BlackElo "2260"]
[WhiteTeam "UKR"]
[BlackTeam "USA"]
[WhiteClock "0:01:24"]
[BlackClock "0:00:02"]

1. d4 Nf6 2. c4 g6 3. Nc3 Bg7 4. e4 d6 5. Be2 O-O 6. Nf3 e5 7. O-O Nbd7 8. Qc2 Nh5 9. d5 Nf4 10. Re1 Nxe2+ 11. Qxe2 f5 12. Ng5 Nf6 13. exf5 gxf5 14. Ne6 Bxe6 15. dxe6 c6 16. Qf3 Qe7 17. Qxf5 Rae8 18. Bg5 Qxe6 19. Qxe6+ Rxe6 20. Rad1 e4 21. Bxf6 Bxf6 22. Rxe4 Rxe4 23. Nxe4 Bxb2 24. Rxd6 Be5 25. Rd7 Rf7 26. Rxf7 Kxf7 27. Kf1 b5 28. cxb5 cxb5 29. Ke2 a5 30. g3 b4 31. Kd3 a4 32. Kc2 Bd4 33. f4 h5 34. h3 Ke6 35. g4 hxg4 36. hxg4 Be3 37. f5+ Ke5 38. Nd2 Kf4 39. Nc4 Bc5 40. f6 Kxg4 41. Ne5+ Kf5 42. Nd7 Bd6 43. f7 Ke6 44. f8=Q Bxf8 45. Nxf8+ Kf7 46. Kd3 b3 47. axb3 axb3 48. Kc3 Kxf8 49. Kxb3 1/2-1/2

[Event "January 2 Late 2024"]
[Site "https://www.chess.com"]
[Date "2024.01.02"]
[Round "4"]
[White "Gavrilov, Maxim"]
[Black "Curtis, John"]
[Result "0-1"]
[Board "197"]
[TimeControl "180+1"]
[WhiteFideId "24271454"]
[BlackFideId "3200256"]
[WhiteElo "2497"]
[BlackElo "2216"]
[WhiteTeam "RUS"]
[BlackTeam "AUS"]
[WhiteClock "0:00:00"]
[BlackClock "0:00:53"]

1. d4 Nf6 2. Nf3 e6 3. c4 Bb4+ 4. Bd2 a5 5. g3 b6 6. Bg2 Bb7 7. O-O Bxd2 8. Nbxd2 O-O 9. Qc2 d5 10. Ne5 Qc8 11. cxd5 exd5 12. Rac1 c6 13. e4 Qd8 14. exd5 Nxd5 15. a3 Ne7 16. Ndf3 Ra7 17. Rfe1 h6 18. h4 Bc8 19. Qc3 Be6 20. Nd2 Bd5 21. Ne4 Nf5 22. Red1 Rc7 23. Nd3 Re8 24. Re1 Rce7 25. Ne5 f6 26. Ng6 Rxe4 27. Bxe4 Rxe4 28. Rxe4 Bxe4 29. Qe3 Nxe3 0-1

[Event "January 2 Late 2024"]
[Site "https://www.chess.com"]
[Date "2024.01.02"]
[Round "4"]
[White "Reprintsev, Alexander"]
[Black "MiguelEduardoGB"]
[Result "1-0"]
[Board "198"]
[TimeControl "180+1"]
[WhiteFideId "14100541"]
[WhiteElo "2492"]
[BlackElo "2201"]
[WhiteTeam "UKR"]
[WhiteClock "0:02:17"]
[BlackClock "0:00:48"]

1. e4 Nc6 2. Nf3 d6 3. d4 Bg4 4. d5 Nb8 5. Be2 Nd7 6. Be3 Ngf6 7. Nc3 Bxf3 8. gxf3 g6 9. h4 h5 10. Rg1 Bg7 11. Qd2 Ne5 12. Bd4 Ned7 13. f4 c5 14. dxc6 bxc6 15. f5 c5 16. Bxf6 Bxf6 17. fxg6 fxg6 18. Rxg6 Ne5 19. Rxf6 exf6 20. Nd5 Rb8 21. O-O-O c4 22. f4 Nd7 23. Bxc4 Qc8 24. Bb3 Nc5 25. Nxf6+ Kf8 26. Qxd6+ Kg7 27. Rg1+ 1-0

[Event "January 2 Late 2024"]
[Site "https://www.chess.com"]
[Date "2024.01.02"]
[Round "4"]
[White "Wartiovaara, Oliver"]
[Black "Montano Vicente, Guadalupe"]
[Result "0-1"]
[Board "199"]
[TimeControl "180+1"]
[WhiteFideId "513024"]
[BlackFideId "5181399"]
[WhiteElo "2483"]
[BlackElo "2148"]
[WhiteTeam "FIN"]
[BlackTeam "MEX"]
[WhiteClock "0:00:00"]
[BlackClock "0:00:07"]

1. c4 Nf6 2. Nc3 g6 3. e4 Bg7 4. d3 c5 5. g3 O-O 6. Bg2 Nc6 7. Nge2 d6 8. O-O Rb8 9. h3 a6 10. Be3 Bd7 11. f4 Ne8 12. Rb1 b5 13. b3 Nc7 14. Nd5 e6 15. Nxc7 Qxc7 16. d4 cxd4 17. Nxd4 Nxd4 18. Bxd4 Bxd4+ 19. Qxd4 Qc5 20. Rbd1 Bc6 21. Kh2 Rfd8 22. Rfe1 bxc4 23. bxc4 Ba4 24. Rd2 Rbc8 25. e5 dxe5 26. Qxd8+ Rxd8 27. Rxd8+ Kg7 28. fxe5 Qxc4 29. a3 Qa2 30. Kh1 Qxa3 31. g4 Bb5 32. Rc8 Qg3 33. Rcc1 a5 34. Rb1 Bc4 35. Ra1 Qc3 36. Rac1 Qd4 37. Rcd1 Qf4 38. Re4 Qg3 39. Rxc4 Qxe5 40. Rcd4 Qb5 41. Rd7 a4 42. Rb7 Qa5 43. Rf1 a3 44. Rfxf7+ Kh6 45. h4 Qe1+ 46. Bf1 Qe4+ 47. Kh2 Qe5+ 48. Kh3 Qc3+ 49. Kh2 Qe5+ 50. Kg1 Qe3+ 51. Rf2 Qg3+ 52. Bg2 Qxh4 53. Ra2 Qg3 54. Rb4 Qe1+ 55. Kh2 Qh4+ 56. Bh3 Qe7 57. g5+ Qxg5 58. Ra4 Qe5+ 59. Kh1 Qe1+ 60. Kh2 Qe5+ 61. Kg2 Qd5+ 62. Kg3 Qxa2 63. Bg2 Qb2 0-1

[Event "January 2 Late 2024"]
[Site "https://www.chess.com"]
[Date "2024.01.02"]
[Round "4"]
[White "hoshiboshi"]
[Black "Micic, Aleksa"]
[Result "1-0"]
[Board "200"]
[TimeControl "180+1"]
[BlackFideId "989940"]
[WhiteElo "2142"]
[BlackElo "2434"]
[BlackTeam "SRB"]
[WhiteClock "0:00:03"]
[BlackClock "0:00:04"]

1. e4 c5 2. Nf3 d6 3. d4 cxd4 4. Nxd4 Nf6 5. Nc3 g6 6. Be3 Bg7 7. f3 O-O 8. Qd2 Nc6 9. Bc4 Nxd4 10. Bxd4 Be6 11. Bb3 Qa5 12. O-O-O b5 13. Kb1 b4 14. Nd5 Bxd5 15. exd5 Qb5 16. Rhe1 a5 17. Qe2 Qxe2 18. Rxe2 a4 19. Bc4 Rfc8 20. b3 Rc7 21. Bb2 Kf8 22. Bb5 axb3 23. cxb3 Ra5 24. Bc6 e6 25. a3 bxa3 26. Bc3 Rc5 27. Bb4 Nxd5 28. Bxd5 exd5 29. Bxc5 Rxc5 30. Ka2 Bb2 31. b4 Rb5 32. Kb3 d4 33. Rc2 Bc3 34. Kxa3 Bxb4+ 35. Ka4 Rb8 36. Rb1 Ra8+ 37. Kb5 Bc5 38. Kc6 Ra3 39. Rd2 Kg7 40. Kd5 h5 41. Ke4 Kf6 42. Kd5 Re3 43. Rb7 h4 44. h3 Rc3 45. Ra2 Rc1 46. Re2 Rc3 47. Ke4 Rc4 48. Kd5 Rc3 49. Ke4 Rc1 50. Kd3 Rd1+ 51. Kc4 d3 52. Ree7 d2 53. Rxf7+ Ke5 54. Rbe7# 1-0

[Event "January 2 Late 2024"]
[Site "https://www.chess.com"]
[Date "2024.01.02"]
[Round "4"]
[White "Esmeraldas Huachi, Anderson"]
[Black "Pepino, Enrico"]
[Result "1-0"]
[Board "201"]
[TimeControl "180+1"]
[WhiteFideId "3616363"]
[BlackFideId "810908"]
[WhiteElo "2396"]
[BlackElo "2061"]
[WhiteTeam "ECU"]
[BlackTeam "ITA"]
[WhiteClock "0:00:27"]
[BlackClock "0:00:11"]

1. d4 Nf6 2. c4 g6 3. Nc3 Bg7 4. e4 d6 5. Be2 O-O 6. Be3 e5 7. d5 a5 8. g4 Na6 9. h4 c6 10. h5 cxd5 11. cxd5 Nc5 12. f3 Nfd7 13. Qd2 Qe7 14. Bh6 Rb8 15. Bb5 Nb6 16. O-O-O Bd7 17. Bxg7 Kxg7 18. Kb1 Kg8 19. Qh6 g5 20. Bxd7 Nbxd7 21. Nge2 b5 22. Ng3 Qf6 23. Nf5 Qxh6 24. Nxh6+ Kh8 25. Nf5 Rb6 26. Rc1 Rfb8 27. Nd1 Kg8 28. Nde3 Kf8 29. a3 a4 30. Nc2 Nb3 31. Rcd1 Ndc5 32. Nb4 Ke8 33. Nc6 R8b7 34. Nxd6+ Kd7 35. Nxb7 Rxb7 36. Nxe5+ Kd6 37. Nc6 f6 38. Rhe1 Nd7 39. Nd4 Ne5 40. Nxb3 axb3 41. Re3 Rc7 42. Rxb3 Nc4 43. Rc3 Rb7 44. Ka2 Ke5 45. b3 Nd6 46. Rc6 Ra7 47. Rdc1 Rb7 48. Kb2 b4 49. a4 Ra7 50. Rc7 Ra5 51. R1c5 Ra6 52. R5c6 Ra5 53. Re7+ Kd4 54. Rxd6 1-0

[Event "January 2 Late 2024"]
[Site "https://www.chess.com"]
[Date "2024.01.02"]
[Round "4"]
[White "Teimouri Yadkuri, Shahdad"]
[Black "tolia123"]
[Result "1-0"]
[Board "202"]
[TimeControl "180+1"]
[WhiteFideId "42515467"]
[WhiteElo "2396"]
[BlackElo "2047"]
[WhiteTeam "IRI"]
[WhiteClock "0:00:07"]
[BlackClock "0:00:00"]

1. e4 c5 2. Nf3 d6 3. d4 cxd4 4. Nxd4 Nf6 5. Nc3 Nc6 6. Bg5 Qa5 7. Bxf6 gxf6 8. Nb3 Qd8 9. Qd2 Bg7 10. O-O-O Be6 11. f4 a5 12. Nd4 Bd7 13. Bc4 Qc7 14. Nd5 Qd8 15. Nf5 Bxf5 16. exf5 Rb8 17. Rhe1 b5 18. Bd3 O-O 19. Re3 Re8 20. Rg3 Kh8 21. Qe2 e6 22. Ne3 e5 23. Rf1 exf4 24. Rxf4 Bh6 25. Rh4 Bg5 26. Rxh7+ Kxh7 27. Qh5+ Kg7 28. Rxg5+ fxg5 29. Ng4 Rh8 30. f6+ Qxf6 31. Nxf6 Rxh5 32. Nxh5+ Kh6 33. Ng3 Ne5 34. Be4 Rd8 35. Nf5+ Kh5 36. Bd5 Kg6 37. Nd4 f5 38. Kd2 b4 39. Ke3 Kf6 40. h3 g4 41. hxg4 Nxg4+ 42. Kf4 Ne5 43. Nxf5 Ng6+ 44. Kg4 Ne5+ 45. Kf4 Rf8 46. Ne3 Kg6+ 47. Ke4 Kg5 48. Be6 Re8 49. Kd5 Kf4 50. Nf5 Ng6 51. Nxd6 Rd8 52. Kc6 Ke5 53. Nf7+ Kxe6 54. Nxd8+ Ke7 55. Nb7 Ne5+ 56. Kb5 Ng4 57. Nxa5 Ne3 58. Kxb4 Nxc2+ 59. Kc5 Ne3 60. b4 Nxg2 61. Nc4 Kd7 62. b5 Kc7 63. a4 Nf4 64. b6+ Kb8 65. a5 Nd3+ 66. Kb5 Nf4 67. a6 Nd5 68. Ne5 Ka8 69. Nd7 1-0

[Event "January 2 Late 2024"]
[Site "https://www.chess.com"]
[Date "2024.01.02"]
[Round "4"]
[White "Reinecke, Katharina"]
[Black "RCone"]
[Result "0-1"]
[Board "203"]
[TimeControl "180+1"]
[WhiteFideId "12929727"]
[WhiteElo "2022"]
[BlackElo "2393"]
[WhiteTeam "GER"]
[WhiteClock "0:00:00"]
[BlackClock "0:00:03"]

1. d4 g6 2. c4 Bg7 3. Nf3 d6 4. g3 Nf6 5. Bg2 O-O 6. O-O Nc6 7. Nc3 a6 8. e4 Bg4 9. h3 Bxf3 10. Bxf3 e5 11. d5 Nd4 12. Bg2 c5 13. a3 b5 14. cxb5 axb5 15. Be3 Qd7 16. Bxd4 exd4 17. Ne2 Rfe8 18. f3 Bh6 19. b4 Be3+ 20. Kh2 Nh5 21. Qc2 c4 22. Qd1 d3 23. Nc3 Bd4 24. Qd2 f5 25. Rfe1 f4 26. g4 Ng7 27. Ra2 h5 28. Nb1 hxg4 29. hxg4 Kf7 30. Qxf4+ Kg8 31. Qg5 Rf8 32. Qxg6 Rf6 33. Qg5 Raf8 34. Rh1 Be5+ 35. Kg1 Bf4 36. Qh4 Qa7+ 37. Kf1 Qe3 38. Qh7+ Kf7 39. g5 Bxg5 40. Bh3 Rxf3+ 41. Kg2 Rg3+ 42. Kh2 Bf4 43. Be6+ Ke7 44. Qh4+ Rg5+ 0-1

[Event "January 2 Late 2024"]
[Site "https://www.chess.com"]
[Date "2024.01.02"]
[Round "4"]
[White "Fareh, Youness"]
[Black "Sokolov, Andrei"]
[Result "0-1"]
[Board "204"]
[TimeControl "180+1"]
[WhiteFideId "9000526"]
[BlackFideId "11600306"]
[WhiteElo "2011"]
[BlackElo "2359"]
[WhiteTeam "MAR"]
[BlackTeam "LAT"]
[WhiteClock "0:00:27"]
[BlackClock "0:00:06"]

1. Nf3 d5 2. c4 c6 3. d4 Nf6 4. g3 dxc4 5. a4 a5 6. Nc3 Bf5 7. Bg2 Ne4 8. O-O Nxc3 9. bxc3 Be4 10. Ba3 Nd7 11. Qd2 g6 12. Qf4 Nf6 13. Ne5 Bxg2 14. Kxg2 Bg7 15. Rab1 Qc8 16. e4 h6 17. Nxc4 g5 18. Qe3 Nd7 19. e5 c5 20. d5 O-O 21. e6 fxe6 22. dxe6 Nf6 23. Nb6 Qc6+ 24. f3 Rad8 25. Bxc5 Nd5 26. Nxd5 Rxd5 27. Bxe7 Re8 28. Rb6 Qxc3 29. Qxc3 Bxc3 30. Ba3 Rd2+ 31. Kh3 Bd4 32. e7 Bxb6 33. f4 gxf4 34. Rxf4 Bg1 35. Rf8+ Kh7 36. Rxe8 Rxh2+ 37. Kg4 h5+ 38. Kg5 Be3+ 39. Kf5 Rf2+ 40. Ke4 Re2 41. Kf3 Re1 42. Rh8+ Kxh8 43. e8=Q+ Kh7 44. Qxh5+ Kg7 45. Bb2+ Kf8 46. Qf5+ Ke7 47. Qe5+ Kd7 48. Qd5+ Ke7 49. Qxb7+ Ke6 50. Qb6+ Kf7 51. Qa7+ Bxa7 52. g4 Rf1+ 53. Ke2 Rg1 54. Kf3 Rb1 55. Bd4 Rb3+ 56. Ke4 Bxd4 57. Kxd4 Rb4+ 58. Ke5 Rxa4 59. g5 Kg6 60. Kd5 Kxg5 0-1

[Event "January 2 Late 2024"]
[Site "https://www.chess.com"]
[Date "2024.01.02"]
[Round "4"]
[White "Dubreuil, Julien"]
[Black "Dias, Joao Batista"]
[Result "1-0"]
[Board "205"]
[TimeControl "180+1"]
[WhiteFideId "621285"]
[BlackFideId "2108240"]
[WhiteElo "2344"]
[BlackElo "1988"]
[WhiteTeam "FRA"]
[BlackTeam "BRA"]
[WhiteClock "0:02:38"]
[BlackClock "0:01:58"]

1. e4 e5 2. Nf3 Nc6 3. d4 exd4 4. Bc4 Be7 5. c3 d3 6. b4 d6 7. b5 Ne5 8. Bb3 Nxf3+ 9. Qxf3 Be6 10. O-O Bxb3 11. axb3 Nf6 12. Rd1 O-O 13. Rxd3 Qc8 14. h3 Qe6 15. c4 a6 16. Nc3 axb5 17. Rxa8 Rxa8 18. cxb5 Qxb3 19. Nd5 Qb1 20. Nxe7+ Kf8 21. Qd1 Kxe7 22. e5 Ne8 23. Bg5+ 1-0

[Event "January 2 Late 2024"]
[Site "https://www.chess.com"]
[Date "2024.01.02"]
[Round "4"]
[White "Dmitriev, Sergey"]
[Black "Balla, Tamas-Kristof"]
[Result "1-0"]
[Board "206"]
[TimeControl "180+1"]
[WhiteFideId "14101785"]
[BlackFideId "1208497"]
[WhiteElo "1992"]
[BlackElo "2470"]
[WhiteTeam "UKR"]
[BlackTeam "ROU"]
[WhiteClock "0:00:13"]
[BlackClock "0:00:12"]

1. e4 c5 2. Nf3 Nc6 3. Bc4 e6 4. d4 cxd4 5. Nxd4 d5 6. exd5 exd5 7. Nxc6 bxc6 8. Bd3 Nf6 9. Bg5 Be7 10. O-O O-O 11. Re1 Be6 12. Nc3 h6 13. Bh4 c5 14. Bf1 d4 15. Ne2 Rb8 16. b3 Nd5 17. Bg3 Bf6 18. Bxb8 Qxb8 19. Rc1 Bg4 20. h3 Bh5 21. Qd3 Bg6 22. Qc4 Qd6 23. g3 Nb6 24. Qa6 Bg5 25. f4 Bf6 26. Bg2 Nd5 27. Qxd6 Ne3 28. Qxc5 Rd8 29. Qc7 Re8 30. Bc6 Re6 31. Bd7 Re7 32. Qc8+ Kh7 33. Bg4 h5 34. Bf3 h4 35. g4 Re6 36. f5 Bxf5 37. gxf5 Rd6 38. Qc7 Be5 39. Qxf7 Rf6 40. Qh5+ Kg8 41. Bg2 Rxf5 42. Qxf5 Nxf5 43. Rcd1 Ne3 44. Rxd4 Nxc2 45. Rd8+ Kf7 46. Rc1 Ne3 47. Rdc8 Nf5 48. Ra8 Bd6 49. Rxa7+ Kg6 50. Nc3 Be5 51. Ne4 Bd4+ 52. Kh2 Bxa7 53. Rc6+ Kf7 54. Nd6+ Ke6 55. Nxf5+ Kxf5 56. Ra6 Bb8+ 57. Kh1 Ke5 58. Rg6 Kd4 59. Rxg7 Kc3 60. a4 Kb4 61. Rb7+ Ka5 62. Rxb8 Ka6 63. Rh8 Ka5 64. Rxh4 Ka6 65. Rg4 Ka5 66. h4 Ka6 67. h5 Ka5 68. h6 Ka6 69. h7 Ka5 70. h8=Q Ka6 71. Qf6+ Ka5 72. Qe5+ Ka6 73. Rg6+ Ka7 74. Qe7+ Kb8 75. Rg8# 1-0

[Event "January 2 Late 2024"]
[Site "https://www.chess.com"]
[Date "2024.01.02"]
[Round "4"]
[White "Mesquita, Eduardo Barbosa"]
[Black "Fernandez Madrid, Carlos"]
[Result "0-1"]
[Board "207"]
[TimeControl "180+1"]
[WhiteFideId "22757163"]
[BlackFideId "2206030"]
[WhiteElo "2469"]
[BlackElo "2224"]
[WhiteTeam "BRA"]
[BlackTeam "ESP"]
[WhiteClock "0:00:00"]
[BlackClock "0:00:53"]

1. e4 g6 2. d4 Bg7 3. Nf3 d6 4. c4 Nc6 5. Be3 e5 6. d5 Nce7 7. Nc3 f5 8. Bd3 f4 9. Bd2 Nf6 10. O-O O-O 11. b4 h6 12. Qc2 g5 13. c5 g4 14. Ne1 Ng6 15. c6 b6 16. a4 Nh5 17. a5 Rb8 18. axb6 axb6 19. Ra7 Rf7 20. Kh1 Qh4 21. Kg1 g3 22. Nf3 gxh2+ 23. Kh1 Qf6 24. Nb5 Nh4 25. Rxc7 Nxf3 26. Rxf7 Qxf7 27. Nxd6 Qg6 28. c7 Ra8 29. Qc6 Nh4 30. Qe8+ Qxe8 31. Nxe8 Nf6 32. Nd6 f3 33. g3 Ng6 34. Kxh2 Bf8 35. Nf5 h5 36. Bg5 Ng4+ 37. Kh3 Ra7 38. d6 Bxd6 39. Nxd6 Nxf2+ 40. Kh2 Nxd3 41. Nxc8 Rxc7 0-1

[Event "January 2 Late 2024"]
[Site "https://www.chess.com"]
[Date "2024.01.02"]
[Round "4"]
[White "Ferriz Barrios, Andres"]
[Black "Chocenka, Dmitrijus"]
[Result "0-1"]
[Board "208"]
[TimeControl "180+1"]
[WhiteFideId "5104467"]
[BlackFideId "12802336"]
[WhiteElo "2176"]
[BlackElo "2462"]
[WhiteTeam "MEX"]
[BlackTeam "LTU"]
[WhiteClock "0:01:11"]
[BlackClock "0:01:21"]

1. d4 Nf6 2. Nf3 g6 3. Nc3 Bg7 4. Bf4 O-O 5. Qd2 d6 6. O-O-O a6 7. e4 b5 8. Bd3 b4 9. Ne2 a5 10. Ng3 Ba6 11. h4 h5 12. e5 Ng4 13. exd6 cxd6 14. Bxa6 Rxa6 15. Ng5 Nc6 16. f3 Nf6 17. N5e4 Nxe4 18. Nxe4 Nxd4 19. Bh6 e5 20. Bxg7 Kxg7 21. Kb1 Rc6 22. Rc1 Qb6 23. g4 Nxf3 24. Qg2 Qe3 25. Ng3 hxg4 26. h5 a4 27. Nf1 Qd4 28. hxg6 fxg6 29. c3 bxc3 30. bxc3 Rb8+ 31. Ka1 Rxc3 0-1

[Event "January 2 Late 2024"]
[Site "https://www.chess.com"]
[Date "2024.01.02"]
[Round "4"]
[White "Sanchez Alvares, Kelvin Antonio"]
[Black "yujiarun18"]
[Result "1-0"]
[Board "209"]
[TimeControl "180+1"]
[WhiteFideId "3906680"]
[WhiteElo "2420"]
[BlackElo "2167"]
[WhiteTeam "VEN"]
[WhiteClock "0:00:09"]
[BlackClock "0:00:04"]

1. e4 c5 2. Nf3 d6 3. d4 cxd4 4. Nxd4 Nf6 5. Nc3 a6 6. Be3 e5 7. Nb3 Be6 8. Qd2 Be7 9. O-O-O O-O 10. f4 Ng4 11. Kb1 Nxe3 12. Qxe3 exf4 13. Qxf4 Nd7 14. Nd5 Bxd5 15. exd5 b5 16. Bd3 Ne5 17. Nd4 Rc8 18. h4 Bf6 19. g4 Nxd3 20. Rxd3 Bxh4 21. Rdh3 g5 22. Qf3 f5 23. Nxf5 Qc7 24. Qd3 Rf6 25. Nxh4 gxh4 26. Rxh4 h6 27. g5 Rf7 28. Rxh6 Rg7 29. Qf5 Qxc2+ 30. Qxc2 Rxc2 31. Kxc2 Kf7 32. Rh7 Rxh7 33. Rxh7+ Kg6 34. Rh6+ Kxg5 35. Rxd6 Kf5 36. Rxa6 1-0

[Event "January 2 Late 2024"]
[Site "https://www.chess.com"]
[Date "2024.01.02"]
[Round "4"]
[White "Lievano Alvarado, Luis"]
[Black "Ambrogi, Agustin"]
[Result "0-1"]
[Board "210"]
[TimeControl "180+1"]
[WhiteFideId "6700365"]
[BlackFideId "170933"]
[WhiteElo "2121"]
[BlackElo "2397"]
[WhiteTeam "ESA"]
[BlackTeam "ARG"]
[WhiteClock "0:01:46"]
[BlackClock "0:01:35"]

1. d4 f5 2. g3 Nf6 3. Bg2 e6 4. Nf3 Be7 5. O-O O-O 6. c4 d6 7. Nc3 a5 8. Re1 Qe8 9. e4 fxe4 10. Nxe4 Nxe4 11. Rxe4 Qg6 12. Nh4 Bxh4 13. Rxh4 Nc6 14. Be3 Qf7 15. Rf4 Qe8 16. Rxf8+ Qxf8 17. b3 Bd7 18. a3 Qf6 19. h4 Rf8 20. Qd2 e5 21. d5 Ne7 22. b4 axb4 23. axb4 b6 24. Ra7 Rc8 25. c5 bxc5 26. bxc5 Nf5 27. c6 Be8 28. Bg5 Qf8 29. Be4 Bg6 30. Qd3 Nd4 31. Bxg6 Nf3+ 32. Kg2 Ne1+ 0-1

[Event "January 2 Late 2024"]
[Site "https://www.chess.com"]
[Date "2024.01.02"]
[Round "4"]
[White "Atanejhad, Sahebali"]
[Black "Ivanov, Aleksandr"]
[Result "0-1"]
[Board "211"]
[TimeControl "180+1"]
[WhiteFideId "12506664"]
[BlackFideId "2092980"]
[WhiteElo "2395"]
[BlackElo "2116"]
[WhiteTeam "IRI"]
[BlackTeam "USA"]
[WhiteClock "0:00:00"]
[BlackClock "0:01:28"]

1. d4 d5 2. c4 e6 3. Nc3 c6 4. e3 Nf6 5. Bd3 dxc4 6. Bxc4 b5 7. Bd3 a6 8. Nf3 Nbd7 9. O-O c5 10. Re1 Bb7 11. b3 Rc8 12. Bb2 Be7 13. Rc1 O-O 14. Bb1 cxd4 15. exd4 Nd5 16. Ne4 h6 17. Ne5 N7f6 18. Nc5 Qb6 19. Ned7 Qa7 0-1

[Event "January 2 Late 2024"]
[Site "https://www.chess.com"]
[Date "2024.01.02"]
[Round "4"]
[White "Carrasco Miranda, Andres"]
[Black "Petersson, Kjell"]
[Result "1-0"]
[Board "212"]
[TimeControl "180+1"]
[WhiteFideId "3405990"]
[BlackFideId "1705148"]
[WhiteElo "2394"]
[BlackElo "2115"]
[WhiteTeam "CHI"]
[BlackTeam "SWE"]
[WhiteClock "0:00:09"]
[BlackClock "0:00:01"]

1. Nf3 f5 2. g3 Nf6 3. Bg2 e6 4. O-O d5 5. c4 Be7 6. d3 O-O 7. Nfd2 d4 8. Nf3 Nc6 9. e3 dxe3 10. Bxe3 e5 11. Nc3 Ng4 12. Bc1 Be6 13. h3 Nf6 14. Ng5 Bd7 15. Nd5 h6 16. Nxe7+ Qxe7 17. Nf3 Rad8 18. Re1 Qc5 19. Be3 Qb4 20. Qb3 Be6 21. Qxb4 Nxb4 22. Bc5 Nxd3 23. Bxf8 Nxe1 24. Rxe1 Kxf8 25. Nxe5 c6 26. Nxc6 Rd6 27. Ne5 b6 28. b4 Nd7 29. Nxd7+ Bxd7 30. c5 bxc5 31. bxc5 Rd2 32. c6 Bc8 33. a3 Rc2 34. Re3 Kf7 35. Bd5+ Kf8 36. Kg2 Rc5 37. Bf3 Kf7 38. h4 Be6 39. Bh5+ g6 40. Bxg6+ Kf6 41. Bh5 Rxc6 42. Bf3 Ra6 43. Rc3 Ke5 44. Ba8 Kd4 45. Re3 Bd5+ 46. Bxd5 Kxd5 47. Kf3 Ra4 48. Rb3 Ke5 49. h5 Kf6 50. Ke3 Kg5 51. Kd3 Kxh5 52. Kc3 Kg4 53. Kb2 h5 54. Rb7 h4 55. gxh4 Kxh4 56. Rg7 Kh5 57. Kb3 Ra6 58. a4 Kh6 59. Rb7 Kg5 60. Kb4 Kf4 61. Kb5 Re6 62. Rxa7 Kf3 63. Rf7 f4 64. a5 Re2 65. a6 Rxf2 66. Kb6 Ra2 67. Rf5 Rxa6+ 68. Kxa6 Ke3 69. Re5+ Kf2 70. Kb5 f3 71. Kc4 Kg1 72. Kd3 f2 73. Rg5+ Kf1 74. Rg6 Ke1 75. Re6+ Kf1 76. Ke3 Kg1 77. Rg6+ Kf1 78. Kf3 Ke1 79. Re6+ Kf1 80. Re2 Kg1 81. Rxf2 Kh1 82. Kg3 Kg1 83. Rf3 1-0

[Event "January 2 Late 2024"]
[Site "https://www.chess.com"]
[Date "2024.01.02"]
[Round "4"]
[White "Baules Rodriguez, Jorge Luis"]
[Black "Aung Thant Zin"]
[Result "1-0"]
[Board "213"]
[TimeControl "180+1"]
[WhiteFideId "6600247"]
[BlackFideId "13000063"]
[WhiteElo "2385"]
[BlackElo "2112"]
[WhiteTeam "PAN"]
[BlackTeam "MYA"]
[WhiteClock "0:01:28"]
[BlackClock "0:01:20"]

1. e4 c5 2. Nf3 Nc6 3. d4 cxd4 4. Nxd4 Nf6 5. Nc3 d6 6. Bg5 e6 7. Qd2 a6 8. O-O-O h6 9. Bh4 Nxe4 10. Nxe4 Qxh4 11. Nxc6 Qxe4 12. Nd4 Qd5 13. Kb1 Qc5 14. f4 Be7 15. Bd3 O-O 16. g4 e5 17. Nb3 Qc7 18. g5 hxg5 19. fxg5 d5 20. g6 f5 21. Qe2 e4 22. Qh5 1-0